 Dungeon Crawl Stone Soup version 0.31.0-32-g396128a36d (webtiles) character file.

Game seed: 1443744897812696377

80 MollyMolluskus the Ducker (level 4, -4/31 HPs)
             Began as an Octopode Fighter on Apr 6, 2024.
             Slain by Natasha (6 damage)
             ... on level 2 of the Dungeon.
             The game lasted 00:05:13 (1161 turns).

MollyMolluskus the Ducker (Octopode Fighter)        Turns: 1161, Time: 00:05:14

Health: -4/31      AC:  0    Str: 17    XL:     4   Next: 39%
Magic:  4/4        EV: 15    Int: 10    God:
Gold:   90         SH:  0    Dex: 11    Spells: 3/3 levels left

rFire   . .          .
                       - Unarmed
rCold   . . .        a - melded +0 buckler
rNeg    . . .        (helmet currently unavailable)
rPois   .            (no amulet)
rElec   .            (ring currently unavailable)
rCorr   .            (ring currently unavailable)
SInv    .            (ring currently unavailable)
Will    .....        (ring currently unavailable)
Stlth   ++           (ring currently unavailable)
HPRegen 0.25/turn    (ring currently unavailable)
MPRegen 0.09/turn    (ring currently unavailable)
                     (ring currently unavailable)

%: no passive effects
@: pig-form, slowed
A: fast, no casting, almost no armour, (amphibious), (8 rings), small,
(camouflage 1), (gelatinous body 1), (nimble swimmer 1), (tentacles)
a: no special abilities


You were on level 2 of the Dungeon.
You were a filthy swine.
You visited 1 branch of the dungeon, and saw 2 of its levels.

You collected 90 gold pieces.

Inventory:

Missiles
 f - 19 stones (quivered)
Armour
 a - a +0 buckler (melded)
Potions
 b - a potion of might
 c - a potion of heal wounds
 d - a potion of curing {unknown}


   Skills:
 + Level 3.3 Fighting
 + Level 3.3 Dodging
 + Level 1.7 Stealth
 + Level 3.3 Shields
 * Level 3.2 Unarmed Combat


You had 3 spell levels left.
You didn't know any spells.
Your spell library contained the following spells:

 Spells                   Type           Power      Damage    Failure   Level
 Apportation              Tloc           0%         N/A       36%         1
 Necrotise                Necr           0%         1d4       36%         1
 Sting                    Conj/Alch      0%         1d3       36%         1
 Summon Small Mammal      Summ           0%         N/A       36%         1
 Mercury Vapours          Alch/Air       0%         N/A       50%         2
 Mephitic Cloud           Conj/Alch/Air  0%         N/A       75%         3
 Freezing Cloud           Conj/Ice/Air   0%         6-21      100%        5


Dungeon Overview and Level Annotations

Branches:
Dungeon (2/15)

Altars:

Annotations:
D:2 Natasha


Innate Abilities, Weirdness & Mutations

You are a filthy swine.
You move quickly.
Your equipment is almost entirely melded.
You are incapable of wielding weapons or throwing items.
You cannot cast spells.
You cannot wear most types of armour.
((You are amphibious.))
((You can wear up to eight rings at the same time.))
((Your skin changes colour to match your surroundings (Stealth+).))
((Your rubbery body absorbs attacks. (AC +1, EV +1)))
((You are camouflaged when in or above water. (Stealth+)))
((You have tentacles for arms and can constrict up to eight enemies at once.))


Message History

Natasha is moderately wounded.
Natasha misses you.
You hit Natasha.
Natasha is moderately wounded.
Natasha claws you!
You miss Natasha.
Natasha is moderately wounded.
Natasha stares at you and mumbles some strange words.
You feel yourself slow down.
You barely miss Natasha.
Natasha is moderately wounded.
Natasha closely misses you.
You hit Natasha.
Natasha is heavily wounded.
Natasha misses you.
Natasha wildly gestures.
Natasha glows brightly for a moment.
Natasha stares at you and mumbles some strange words.
You feel as though you will be slow longer.
You closely miss Natasha.
Natasha is heavily wounded.
Natasha mumbles some strange words.
You closely miss Natasha.
Natasha is heavily wounded.
Natasha casts a spell at you. The magic dart hits you!
The cerulean imp closely misses you.
You hit Natasha.
Natasha is severely wounded.
Natasha claws you.
The cerulean imp hits you from afar with a +0 spear.
* * * LOW HITPOINT WARNING * * *
Natasha misses you.
Unknown command.
You hit Natasha but do no damage.
Natasha is severely wounded.
The cerulean imp hits you from afar with a +0 spear.
* * * LOW HITPOINT WARNING * * *
Natasha claws you.
You die...
Natasha curls up and begins to purr.

#.# #.#
#########.## #.#
#..........# #)#
#.########.# #.#
#.# #.# #.# #.#
#.####.## #5#
#........ #h#
######### #h# #.#
#.#
#.################
#.................
#..###############
#..# #..# #..#


You could see Natasha and a cerulean imp (summoned).

Vanquished Creatures
  Jessica (D:2)
  An adder (D:2)
  3 bats
  5 endoplasms
  2 goblins (D:1)
  3 hobgoblins
  7 jackals
  5 quokkas
  2 ball pythons
  2 frilled lizards
  6 kobolds
  2 rats
39 creatures vanquished.

Notes
Turn   | Place    | Note
-------+----------+-------------------------------------------
     0 | D:1      | MollyMolluskus the Octopode Fighter began the quest for the
                  | Orb.
     0 | D:1      | Reached XP level 1. HP: 16/16 MP: 1/1
    78 | D:1      | Reached XP level 2. HP: 21/21 MP: 2/2
   252 | D:1      | Reached skill level 1 in Stealth
   404 | D:1      | Reached XP level 3. HP: 17/26 MP: 3/3
   841 | D:2      | Noticed Jessica
   849 | D:2      | Killed Jessica
   850 | D:2      | Reached XP level 4. HP: 30/31 MP: 4/4
  1145 | D:2      | Noticed Natasha
  1161 | D:2      | Slain by Natasha

Illustrated notes

Levels and vault maps discovered:
D:1:      scummos_arrival_star, layout_rooms, amcnicky_mini_pool_small,
          nicolae_concentric_dashed_squares_wild
D:2:      layout_loops_ring, uniq_jessica, uniq_natasha

Skill      XL: |  1  2  3 |
---------------+----------+-----
Stealth        | 1 |  1.7
Unarmed Combat | 3 |  3.2
Fighting       | |  3.3
Dodging        | |  3.3
Shields        | |  3.3

Action                     |  1- 3 |  4- 6 || total
---------------------------+-------+-------++-------
  Melee: Unarmed           |    65 |    18 ||    83
         Constrict         |    18 |     2 ||    20
         Tentacles         |    12 |     3 ||    15
         Punch             |     2 |       ||     2
  Throw: Stone             |     1 |     1 ||     2
    Use: Scroll            |     2 |       ||     2
   Stab: Sleeping          |     8 |     2 ||    10
 Armour: Skin              |    15 |     7 ||    22
  Dodge: Dodged            |    29 |     6 ||    35
  Block: Buckler           |     9 |     1 ||    10
